 Dungeon Crawl Stone Soup version 0.21.1-1-g345015fe64 (webtiles) character file.

3294 assman420 the Basher (level 9, -16/83 HPs)
             Began as a Minotaur Berserker on June 14, 2018.
             Was a High Priest of Trog.
             Demolished by Pikel
             ... wielding a +0 whip of electrocution
              (20 damage)
             ... on level 7 of the Dungeon.
             The game lasted 00:20:07 (6697 turns).

assman420 the Basher (Minotaur Berserker)           Turns: 6697, Time: 00:20:08

Health: -16/83     AC: 11    Str: 23    XL:     9   Next: 69%
Magic:  8/8        EV: 10    Int:  4    God:    Trog [*****.]
Gold:   236        SH:  0    Dex: 12    Spells: 8/8 levels left

rFire    + + .     SeeInvis .   a - +2 flail (crush)
rCold    x . .     Gourm    .   (no shield)
rNeg     . . .     Faith    .   z - +0 fire dragon scales
rPois    .         Spirit   .   (helmet restricted)
rElec    .         Reflect  .   (no cloak)
rCorr    .         Harm     .   (no gloves)
MR       .....                  (no boots)
Stlth    ..........             (no amulet)
HPRegen  0.23/turn              (no ring)
MPRegen  0.11/turn              (no ring)

@: berserk cooldown, slowed, very slow
A: retaliatory headbutt, horns 2
a: Berserk, Trog's Hand, Brothers in Arms, Burn Spellbooks, Renounce Religion


You were on level 7 of the Dungeon.
You worshipped Trog.
Trog was extremely pleased with you.
You were not hungry.

You visited 2 branches of the dungeon, and saw 8 of its levels.

You collected 236 gold pieces.

Inventory:

Hand Weapons
 a - a +2 flail of crushing (weapon)
 s - a +1 dire flail of protection
 y - a +0 battleaxe of venom
Armour
 t - a +0 plate armour
 z - +0 fire dragon scales (worn)
 E - a +1 cloak
 I - a +0 troll leather armour
Jewellery
 e - a cursed -4 ring of protection {unknown}
 o - an uncursed ring of poison resistance {unknown}
 u - a cursed ring of loudness {unknown}
 B - a cursed amulet of inaccuracy {unknown}
Scrolls
 b - a scroll of acquirement {unknown}
 d - 4 scrolls of remove curse {unknown}
 f - 2 scrolls of teleportation {unknown}
 g - 4 scrolls of amnesia {unknown}
 i - 7 scrolls of identify {unknown}
 j - a scroll of fear {unknown}
 l - 2 scrolls of magic mapping {unknown}
 m - 2 scrolls of enchant armour {unknown}
 n - a scroll of immolation {unknown}
 p - 2 scrolls of blinking {unknown}
 w - a scroll of enchant weapon {unknown}
 D - a scroll of brand weapon {unknown}
 G - a scroll of fog {unknown}
Potions
 h - 5 potions of curing {unknown}
 k - a potion of lignification {unknown}
 q - a potion of cancellation {unknown}
 r - 2 potions of haste
 v - 3 potions of heal wounds {unknown}
 C - a potion of mutation {unknown}
 F - a potion of degeneration {unknown}
Books
 x - a book of Minor Magic

   Spells                             Type                      Level
   a - Magic Dart                     Conjuration                  1
   b - Blink                          Translocation                2
   c - Call Imp                       Summoning                    2
   d - Slow                           Hexes                        2
   e - Conjure Flame                  Conjuration/Fire             3
   f - Mephitic Cloud                 Conjuration/Poison/Air       3
   Trog disapproves of the use of such an item.
 A - a book of Maledictions

   Spells                             Type                      Level
   a - Corona                         Hexes                        1
   b - Ensorcelled Hibernation        Hexes/Ice                    2
   c - Confuse                        Hexes                        3
   d - Tukima's Dance                 Hexes                        3
   e - Dazzling Spray                 Conjuration/Hexes            3
   Trog disapproves of the use of such an item.
Comestibles
 c - 7 rations


   Skills:
 + Level 9.1 Fighting
 + Level 11.7 Maces & Flails
 + Level 8.9 Armour
 - Level 2.1 Dodging


You had 8 spell levels left.
You didn't know any spells.

Dungeon Overview and Level Annotations

Branches:
Dungeon (7/15)             Temple (1/1) D:6

Altars:
Ashenzari
Cheibriados
Dithmenos
Elyvilon
Fedhas
Hepliaklqana
Kikubaaqudgha
Makhleb
Nemelex Xobeh
Okawaru
Qazlal
Sif Muna
Trog
Uskayaw
Vehumet
Wu Jian
Yredelemnul
Zin
The Shining One

Shops:
D:6 *

Annotations:
D:7 Pikel


Innate Abilities, Weirdness & Mutations

You reflexively headbutt those who attack you in melee.
You have a pair of horns on your head.


Message History

* * * LOW HITPOINT WARNING * * *
You thump Pikel!
Pikel is heavily wounded.
Pikel barely misses you.
Pikel hits you with a whip of electrocution.
* * * LOW HITPOINT WARNING * * *
You hit Pikel but do no damage.
Pikel is heavily wounded.
You feel sick.
You are no longer poisoned.
Pikel hits you but does no damage.
You hit Pikel but do no damage. You headbutt Pikel.
Pikel is heavily wounded.
Pikel hits you but does no damage.
You closely miss Pikel. Your headbutt misses Pikel.
Pikel is heavily wounded.
Pikel hits you but does no damage.
You are electrocuted!
* * * LOW HITPOINT WARNING * * *
Pikel hits you but does no damage.
You are electrocuted!
You die...

##.....######......K.......
........#.........p....>.(.
###....................
#...###............##..
##.#...###..##[###.......
#.......<.#.# #.p#########
#.#...###...# ##.###
#.###.....####...#####
............@K[........
........###.####........
#........##)####........
#........)).>.........
.........#...#........
...#.###.....#########
#......##.########
######............
############.


You could see Pikel.

Vanquished Creatures
  A troll (D:6)
  Grinder (D:4)
  The ghost of BuaFULL the Protected, an amateur GnWn of Gozag (D:4)
  A hungry ghost (D:7)
  3 orc warriors
  5 ice beasts
  2 phantoms
  4 slaves (D:7)
  2 sky beasts (D:5)
  An ogre (D:6)
  2 centaurs
  Blork the orc (D:5)
  A howler monkey (D:5)
  3 crimson imps
  2 hounds
  A jelly (D:6)
  5 orc priests
  A centaur skeleton (D:4)
  An iguana (D:5)
  13 orc wizards
  5 worker ants
  A hound skeleton (D:5)
  Robin (D:2)
  A howler monkey skeleton (D:5)
  11 adders
  3 oozes
  6 worms
  5 dart slugs
  3 leopard geckos
  25 orcs
  4 ball pythons
  8 giant cockroaches
  9 goblins
  10 hobgoblins
  8 jackals
  10 kobolds
  A quokka (D:3)
  11 bats
  6 frilled lizards
  A leopard gecko skeleton (D:3)
  A quokka skeleton (D:4)
  13 rats
194 creatures vanquished.

Notes
Turn   | Place    | Note
-------+----------+-------------------------------------------
     0 | D:1      | assman420 the Minotaur Berserker began the quest for the Orb.
     0 | D:1      | Reached XP level 1. HP: 19/19 MP: 0/0
   194 | D:1      | Reached skill level 4 in Maces & Flails
   234 | D:1      | Reached XP level 2. HP: 19/26 MP: 1/1
   992 | D:1      | Reached skill level 5 in Maces & Flails
  1066 | D:2      | Reached XP level 3. HP: 20/31 MP: 2/2
  1084 | D:2      | Reached ** piety under Trog
  1572 | D:2      | Reached skill level 6 in Maces & Flails
  1572 | D:2      | Reached XP level 4. HP: 32/39 MP: 3/3
  1688 | D:2      | Noticed Robin
  1699 | D:2      | Killed Robin
  2612 | D:3      | Reached XP level 5. HP: 43/45 MP: 4/4
  2650 | D:3      | Reached skill level 7 in Maces & Flails
  2661 | D:3      | Noticed an orc warrior
  2672 | D:3      | Killed an orc warrior
  2672 | D:3      | Reached *** piety under Trog
  2675 | D:3      | Reached skill level 8 in Maces & Flails
  2681 | D:3      | Reached XP level 6. HP: 31/51 MP: 5/5
  3135 | D:3      | Found a glowing drain.
  3546 | D:4      | Noticed Grinder
  3555 | D:4      | Paralysed by Grinder for 3 turns
  3566 | D:4      | Killed Grinder
  3566 | D:4      | Reached skill level 9 in Maces & Flails
  3566 | D:4      | Reached XP level 7. HP: 37/60 MP: 6/6
  3739 | D:4      | Found an ornate altar of the Wu Jian Council.
  3775 | D:4      | Noticed BuaFULL's ghost (amateur GnWn)
  3789 | D:4      | Killed BuaFULL's ghost
  3789 | D:4      | Reached skill level 5 in Fighting
  4520 | D:5      | Entered Level 5 of the Dungeon
  4544 | D:5      | Reached **** piety under Trog
  4551 | D:5      | Reached skill level 5 in Armour
  4585 | D:5      | Reached XP level 8. HP: 70/70 MP: 7/7
  4626 | D:5      | Noticed Blork the orc
  4637 | D:5      | Killed Blork the orc
  4661 | D:5      | Reached skill level 10 in Maces & Flails
  5249 | D:6      | Reached XP level 9. HP: 66/80 MP: 8/8
  5269 | D:6      | Reached ***** piety under Trog
  5588 | D:6      | Found Zin's Purification Station.
  5588 | D:6      | Found a glowing silver altar of Zin.
  5661 | D:6      | Found an ancient bone altar of Kikubaaqudgha.
  5735 | D:6      | Reached skill level 11 in Maces & Flails
  5768 | D:6      | Found a staircase to the Ecumenical Temple.
  6070 | D:6      | Noticed a troll
  6076 | D:6      | Killed a troll
  6374 | Temple   | Entered the Ecumenical Temple
  6660 | D:7      | Noticed Pikel
  6696 | D:7      | HP: 3/83 [Pikel/whip of electrocution (19)]
  6697 | D:7      | Demolished by Pikel

Skill      XL: |  1  2  3  4  5  6  7  8  9 |
---------------+----------------------------+-----
Maces & Flails | 4 5 6 8 9 10 11 | 11.7
Fighting       | 4 5 7 9 |  9.1
Armour         | 3 5 7 8 |  8.9
Dodging        | |  2.1

Action                   |  1- 3 |  4- 6 |  7- 9 || total
-------------------------+-------+-------+-------++-------
Melee: Mace              |    97 |    83 |       ||   180
       Headbutt          |    15 |    21 |    53 ||    89
       Dire flail        |       |    54 |   151 ||   205
       Flail             |       |       |   101 ||   101
Invok: Berserk           |       |     3 |     6 ||     9
  Eat: Chunk             |     2 |     4 |     2 ||     8
       Ration            |       |     1 |     5 ||     6
Armor: Animal skin       |    18 |     2 |       ||    20
       Chain mail        |       |    31 |       ||    31
       Plate armour      |       |    21 |    36 ||    57
       Fire dragon scale |       |       |    68 ||    68
Dodge: Dodged            |    78 |    45 |    80 ||   203
